 Dungeon Crawl Stone Soup version 0.26-a0-818-g75db068ed4 (webtiles) character file.

Game seed: 9128017402300715874

73212 marklar909 the Destroyer (level 15, -4/111 HPs)
             Began as a White Draconian Conjurer on Nov 14, 2020.
             Was a High Priest of Vehumet.
             Killed by an exploding ball lightning (7 damage)
             ... created by the player character
             ... on level 1 of the Orcish Mines on Nov 15, 2020.
             The game lasted 00:58:35 (30210 turns).

marklar909 the Destroyer (DrCj)                    Turns: 30210, Time: 00:58:36

Health: -4/111     AC: 23    Str: 10    XL:     15   Next: 3%
Magic:  25/32      EV: 16    Int: 24    God:    Vehumet [*****.]
Gold:   2053       SH:  6    Dex: 13    Spells: 19/40 levels left

rFire    + . .     SeeInvis .   l - staff of air
rCold    + . .     Faith    .   t - +1 buckler
rNeg     . . .     Spirit   .   (armour unavailable)
rPois    .         Reflect  .   J - +2 hat {Int+3}
rElec    +         Harm     .   H - +2 cloak
rCorr    .         Rampage  .   x - +2 pair of gloves
MR       +....                  w - +1 pair of boots
Stlth    +++.......             (no amulet)
HPRegen  0.28/turn              y - +4 ring of protection
MPRegen  0.23/turn              F - ring of protection from fire

@: no status effects
A: breathe frost, unfitting armour, cold resistance 1, cold-blooded, AC +9
a: Breathe Frost, Renounce Religion


You were on level 1 of the Orcish Mines.
You worshipped Vehumet.
Vehumet was extremely pleased with you.
You visited 3 branches of the dungeon, and saw 19 of its levels.
You also visited: Ossuary.

You collected 2221 gold pieces.
You spent 168 gold pieces at shops.

Inventory:

Armour
 t - a +1 buckler (worn)
 w - a +1 pair of boots (worn)
 x - a +2 pair of gloves (worn)
 H - a +2 cloak (worn)
 J - a +2 hat of intelligence (worn)
Magical Staves
 l - an uncursed staff of air (weapon)
Jewellery
 p - an uncursed ring of wizardry
 r - an uncursed ring of stealth
 y - a +4 ring of protection (left hand)
 F - a ring of protection from fire (right hand)
 O - an uncursed ring of flight
 R - an uncursed ring of protection from cold {unknown}
 T - a cursed ring of teleportation {unknown}
Wands
 u - a wand of flame (38)
 v - a wand of polymorph (14)
 G - a wand of random effects (23)
 N - a wand of iceblast (14)
 P - a wand of acid (24)
 S - a wand of disintegration (23)
 U - a wand of digging (3)
Scrolls
 a - 11 scrolls of remove curse
 b - 7 scrolls of immolation
 g - 4 scrolls of amnesia
 h - 4 scrolls of identify
 j - 4 scrolls of fog
 k - 4 scrolls of magic mapping
 n - a scroll of blinking
 q - a scroll of enchant weapon
 s - 4 scrolls of teleportation
 Q - 2 scrolls of fear
Potions
 c - 3 potions of might
 d - 4 potions of flight
 e - 4 potions of curing
 f - a potion of ambrosia
 i - 2 potions of cancellation
 m - 6 potions of heal wounds
 o - 4 potions of resistance
 z - 2 potions of berserk rage
 A - 3 potions of mutation
 B - 3 potions of brilliance {unknown}
 C - 3 potions of magic {unknown}
 D - 3 potions of lignification {unknown}
 E - 8 potions of attraction
 K - 5 potions of degeneration {unknown}
 W - 2 potions of haste {unknown}
Miscellaneous
 I - a phial of floods
 L - a condenser vane
 M - a tin of tremorstones (2/2)


   Skills:
 + Level 4.6 Fighting
 + Level 4.0 Staves
 + Level 7.9 Dodging
 + Level 5.3 Stealth
 + Level 5.9 Shields
 + Level 2.3 Unarmed Combat
 + Level 13.2 Spellcasting
 + Level 14.1 Conjurations
   Level 1.6 Hexes
 + Level 4.7 Translocations
 + Level 0.2 Fire Magic
 + Level 10.4 Air Magic
 + Level 2.8 Poison Magic
 + Level 3.3 Evocations


You had 19 spell levels left.
You knew the following spells:

 Your Spells              Type           Power        Failure   Level
a - Sandblast             Erth           ###...       1%          1
b - Searing Ray           Conj           ######       0%          2
c - Iskenderun's Mystic   Conj/Tloc      ######..     1%          4
d - Conjure Ball Lightni  Conj/Air       #######...   1%          6
f - Mephitic Cloud        Conj/Pois/Air  ######..     1%          3
g - Fireball              Conj/Fire      ######....   1%          5

Your spell library contained the following spells:

 Spells                   Type           Power        Failure   Level
 Airstrike                Air            #######...   1%          4
 Magic Dart               Conj           ####         0%          1
 Corona                   Hex            ###....      1%          1
 Freeze                   Ice            ###.         1%          1
 Shock                    Conj/Air       ####         1%          1
 Blink                    Tloc           N/A          1%          2
 Conjure Flame            Conj/Fire      ######..     1%          3
 Dazzling Flash           Conj/Hex       ######       1%          3
 Gell's Gravitas          Tloc           #####.....   1%          3
 Fulminant Prism          Conj/Hex       ######....   1%          4
 Hailstorm                Conj/Ice       #####...     1%          4
 Animate Skeleton         Necr           ###...       3%          1
 Beastly Appendage        Tmut           ###...       3%          1
 Pain                     Necr           ###.         3%          1
 Summon Small Mammal      Summ           ###.         3%          1
 Slow                     Hex            ###.....     3%          2
 Frozen Ramparts          Ice            ###...       3%          3
 Ensorcelled Hibernation  Hex/Ice        ###...       4%          2
 Summon Lightning Spire   Summ/Air       ######..     4%          4
 Call Imp                 Summ           ###.....     6%          2
 Wereblood                Tmut           ###.....     6%          2
 Confusing Touch          Hex            ###.....     6%          3
 Spider Form              Tmut/Pois      ###.......   6%          3
 Tukima's Dance           Hex            ###.....     6%          3
 Summon Guardian Golem    Hex/Summ       ###.....     9%          3
 Call Canine Familiar     Summ           ###.....     12%         3
 Ozocubu's Armour         Ice            ###.....     12%         3
 Vampiric Draining        Necr           ###.......   12%         3
 Yara's Violent Unravell  Hex/Tmut       ###.......   19%         5
 Animate Dead             Necr           ###.......   36%         4
 Ice Form                 Ice/Tmut       ###.....     36%         4
 Petrify                  Tmut/Erth      ###.....     36%         4
 Summon Ice Beast         Ice/Summ       ###.....     36%         4
 Metabolic Englaciation   Hex/Ice        ###.......   58%         5
 Agony                    Necr           ###.....     71%         5
 Blade Hands              Tmut           ###.......   71%         5


Dungeon Overview and Level Annotations

Branches:
Dungeon (12/15)            Temple (0/1) D:4            Lair (6/6) D:10
 Shoals (0/4) Lair:3       Spider (0/4) Lair:3        Slime (0/5) Lair:5
    Orc (1/2) D:12        Ossuary (visited)

Altars:
Ashenzari
Fedhas
Gozag
Kikubaaqudgha
Makhleb
Ru
Trog
Vehumet
Xom
Yredelemnul
Zin
The Shining One

Shops:
D:5 ?   D:7 =   D:8 ?

Annotations:
D:9 3 runed translucent doors, frankcastle's ghost, adept GnWn


Innate Abilities, Weirdness & Mutations

You can breathe waves of freezing cold.
You can buffet flying creatures when you breathe cold.
Your icy white scales are hard. (AC +9)
You cannot fit into any form of body armour.
Your flesh is cold resistant. (rC+)
You are cold-blooded and may be slowed by cold attacks.


Message History

The stone giant throws a large rock.
The large rock hits you!!!
* * * LOW HITPOINT WARNING * * *
You see here a large rock.
An orc sorcerer comes into view. It is wielding a +0 dagger.
Your ball lightning explodes!
The blast of lightning engulfs your ball lightning.
Your ball lightning completely resists.
The blast of lightning engulfs your ball lightning.
Your ball lightning completely resists.
The blast of lightning engulfs the orc priest!!
You kill the orc priest!
Vehumet accepts your kill.
You feel your power returning.
The blast of lightning engulfs the orc wizard!
The orc wizard is severely wounded.
The stone giant throws a large rock.
The large rock hits your ball lightning!
Your ball lightning explodes!
The blast of lightning engulfs you! You resist.
You die...

..... .##
.....## ..# ##
.....#. ..##.##
$...... .......
....... ...#...
....... .......
..$....#......#
.......@..).# #
#......(....#.#
....#..(..*....
.......(....)o.
.......<....o.o
$>..........)..
...........^...
..............C
..$............


You could see a stone giant, an orc sorcerer, an orc wizard, an orc and a
friendly ball lightning.

Vanquished Creatures
  Frances (D:12)
  Gastronok (D:8)
  Harold (D:8)
  Fannar (Lair:1)
  A great orb of eyes (D:10)
  8 hydras
  3 boulder beetles
  3 two-headed ogres
  3 catoblepae (Lair:6)
  16 death yaks
  Urug (Lair:2)
  Sonja (Lair:2)
  3 skeletal warriors
  An unseen horror (D:12)
  Pikel (D:4)
  A lindwurm (Lair:6)
  3 manticores
  A cyclops (D:11)
  An ugly thing (D:12)
  Joseph (D:8)
  6 elephants
  7 black mambas
  A merfolk siren (Lair:3)
  A torpor snail (Lair:6)
  A guardian serpent (D:12)
  A centaur skeleton (D:12)
  12 cane toads
  5 komodo dragons
  A ball lightning (Lair:6)
  2 rime drakes
  2 trolls
  2 hornets (D:11)
  Grinder (D:4)
  2 polar bears
  28 blink frogs
  14 dream sheep (Lair:6)
  Prince Ribbit (D:7)
  A wraith (D:12)
  4 wyverns
  A tarantella (Lair:3)
  7 basilisks
  55 yaks
  Menkaure (D:4)
  An acid dragon (D:12)
  19 water moccasins
  A sky beast (D:10)
  3 black bears
  An orc warrior (D:7)
  8 ice beasts
  A phantom (D:11)
  A necrophage (D:12)
  An eye of draining (D:11)
  10 ogres
  10 wolves
  5 centaurs
  A lemure (D:4)
  2 big kobolds
  2 elf zombies (Ossuary)
  22 bullfrogs
  7 scorpions
  8 killer bees
  2 jellies
  3 electric eels (D:10)
  13 wights
  3 howler monkeys
  A bullfrog zombie (D:9)
  3 centaur zombies
  A human zombie (Ossuary)
  6 hounds
  4 orc wizards
  4 bullfrog skeletons
  3 orc priests
  Crazy Yiuf (D:7)
  An iguana (D:8)
  Natasha (thrice) (D:4)
  12 worker ants
  A big kobold zombie (Ossuary)
  A killer bee zombie (D:7)
  3 hound zombies
  2 mummies (Ossuary)
  9 gnolls
  19 adders
  2 shadow imps (D:5)
  5 white imps
  4 ufetubi
  2 adder zombies (Ossuary)
  An adder skeleton (D:8)
  4 worms
  A dart slug (D:5)
  8 leopard geckos
  34 orcs
  2 ball pythons
  5 giant cockroaches
  11 hobgoblins
  18 jackals
  5 quokkas
  4 bats
  6 frilled lizards
  9 goblins
  2 goblin zombies (Ossuary)
  13 hobgoblin zombies (Ossuary)
  14 kobolds
  8 kobold zombies (Ossuary)
  4 orc zombies (Ossuary)
  3 rats
  3 rat zombies (Ossuary)
574 creatures vanquished.

Vanquished Creatures (collateral kills)
  21 ball lightnings
21 creatures vanquished.

Vanquished Creatures (others)
  388 ball lightnings
  2 bushes (Lair:6)
  52 fungi
  75 plants
517 creatures vanquished.

Grand Total: 1112 creatures vanquished

Notes
Turn   | Place    | Note
-------+----------+-------------------------------------------
     0 | D:1      | marklar909 the Draconian Conjurer began the quest for the
                  | Orb.
     0 | D:1      | Reached XP level 1. HP: 14/14 MP: 3/3
   367 | D:1      | Reached XP level 2. HP: 20/20 MP: 1/5
   628 | D:1      | Learned a level 2 spell: Searing Ray
  1066 | D:2      | Reached XP level 3. HP: 26/26 MP: 1/6
  1156 | D:2      | Found a basalt altar of Yredelemnul.
  1209 | D:2      | Found a shimmering altar of Xom.
  1209 | D:2      | Found a glowing silver altar of Zin.
  1620 | D:2      | Reached skill level 5 in Conjurations
  1620 | D:2      | Reached XP level 4. HP: 33/33 MP: 3/7
  2822 | D:3      | Found a faded altar of an unknown god.
  2903 | D:3      | Reached XP level 5. HP: 38/38 MP: 3/9
  3410 | D:3      | Found a sacrificial altar of Ru.
  3480 | D:3      | Reached skill level 1 in Unarmed Combat
  3760 | D:4      | Noticed an ogre
  3766 | D:4      | Killed an ogre
  3767 | D:4      | Reached skill level 1 in Shields
  3824 | D:4      | Noticed Menkaure
  3826 | D:4      | Found a radiant altar of Vehumet.
  3830 | D:4      | Killed Menkaure
  3831 | D:4      | Reached XP level 6. HP: 24/46 MP: 6/11
  3871 | D:4      | Became a worshipper of Vehumet
  4002 | D:4      | Noticed Natasha
  4009 | D:4      | Killed Natasha
  4155 | D:4      | Noticed Natasha
  4157 | D:4      | Noticed Pikel
  4161 | D:4      | Killed Natasha
  4162 | D:4      | Reached skill level 6 in Conjurations
  4373 | D:4      | Killed Pikel
  4374 | D:4      | Reached skill level 1 in Fighting
  4374 | D:4      | Your scales start taking on an icy white colour.
  4374 | D:4      | Reached XP level 7. HP: 43/52 MP: 1/14
  4374 | D:4      | Gained mutation: Your flesh is cold resistant. (rC+) [White
                  | Draconian growth]
  4396 | D:4      | Noticed Grinder
  4478 | D:4      | Found a staircase to the Ecumenical Temple.
  4519 | D:4      | Reached skill level 5 in Spellcasting
  4519 | D:4      | Reached skill level 7 in Conjurations
  4519 | D:4      | Reached XP level 8. HP: 59/59 MP: 7/15
  4594 | D:4      | Paralysed by Grinder for 3 turns
  4605 | D:4      | Killed Grinder
  4610 | D:4      | Noticed Natasha
  4628 | D:4      | Killed Natasha
  4735 | D:4      | Found an opulent altar of Gozag.
  4901 | D:5      | Entered Level 5 of the Dungeon
  4901 | D:5      | Found a broken altar of Ashenzari.
  4901 | D:5      | Found an ancient bone altar of Kikubaaqudgha.
  4921 | D:5      | Learned a level 4 spell: Fulminant Prism
  4926 | D:5      | Learned a level 4 spell: Iskenderun's Mystic Blast
  5198 | D:5      | Found Hege's Magic Scroll Emporium.
  5224 | D:5      | Reached * piety under Vehumet
  5224 | D:5      | Offered knowledge of Shock by Vehumet.
  5251 | D:5      | Reached skill level 1 in Translocations
  5335 | D:5      | Bought a scroll of fear for 45 gold pieces
  5335 | D:5      | Bought a scroll of teleportation for 39 gold pieces
  5335 | D:5      | Bought a scroll of remove curse for 39 gold pieces
  5923 | D:5      | You fall into a shaft and drop 3 floors!
  5933 | D:8      | Noticed Harold
  5937 | D:8      | Noticed Joseph
  5979 | D:8      | Found Poquduup's Magic Scroll Shop.
  6023 | D:8      | Noticed a boulder beetle
  6043 | D:8      | Reached skill level 1 in Hexes
  6155 | D:8      | Killed Joseph
  6156 | D:8      | Reached XP level 9. HP: 22/67 MP: 6/18
  6284 | D:8      | Found a sand-covered staircase.
  6289 | Ossuary  | Entered an ossuary
  6474 | Ossuary  | Learned a level 1 spell: Shock
  6661 | Ossuary  | Reached ** piety under Vehumet
  6661 | Ossuary  | Offered knowledge of Sandblast by Vehumet.
  7216 | D:8      | Reached skill level 1 in Staves
  7217 | D:8      | Reached skill level 1 in Air Magic
  7229 | D:8      | Reached skill level 8 in Conjurations
  7305 | D:8      | Learned a level 1 spell: Sandblast
  7360 | D:8      | Offered knowledge of Ignite Poison by Vehumet.
  7722 | D:9      | Noticed a troll
  7729 | D:9      | Killed a troll
  7922 | D:8      | Noticed a two-headed ogre
  7933 | D:8      | Killed a two-headed ogre
  8090 | D:8      | Bought a scroll of magic mapping for 45 gold pieces
  8210 | D:7      | Found Ogrosch's Jewellery Shoppe.
  8215 | D:7      | Reached *** piety under Vehumet
  8228 | D:7      | Reached XP level 10. HP: 48/74 MP: 13/21
  8353 | D:7      | Noticed Prince Ribbit
  8359 | D:7      | Killed Prince Ribbit
  8582 | D:7      | Offered knowledge of Mephitic Cloud by Vehumet.
  8741 | D:7      | Reached skill level 9 in Conjurations
  8812 | D:7      | Learned a level 3 spell: Mephitic Cloud
  8950 | D:7      | Found a bloodstained altar of Trog.
  9156 | D:7      | Found a runed translucent door.
  9157 | D:7      | Noticed Crazy Yiuf
  9163 | D:7      | Killed Crazy Yiuf
  9426 | D:6      | Found a burning altar of Makhleb.
  9612 | D:6      | Found a bloodstained altar of Trog.
 10480 | D:8      | Found a blossoming altar of Fedhas.
 10497 | D:8      | Reached **** piety under Vehumet
 10588 | D:8      | Noticed Gastronok
 10614 | D:8      | Killed Gastronok
 10735 | D:8      | Noticed a two-headed ogre
 10744 | D:8      | Killed a two-headed ogre
 11096 | D:8      | Killed a boulder beetle
 11097 | D:8      | Reached skill level 5 in Dodging
 11097 | D:8      | Reached skill level 1 in Poison Magic
 11097 | D:8      | Reached XP level 11. HP: 82/82 MP: 7/23
 11426 | D:8      | Killed Harold
 11427 | D:8      | Reached skill level 5 in Air Magic
 11583 | D:9      | Found a glowing golden altar of the Shining One.
 11637 | D:9      | Reached skill level 1 in Evocations
 11926 | D:9      | Found a runed translucent gate.
 11927 | D:9      | Found a runed translucent gate.
 11927 | D:9      | Found a runed translucent gate.
 11955 | D:9      | Noticed frankcastle's ghost (adept GnWn)
 12314 | D:10     | Entered Level 10 of the Dungeon
 12321 | D:10     | Offered knowledge of Fireball by Vehumet.
 12546 | D:10     | Learned a level 5 spell: Fireball
 12813 | D:10     | Found a staircase to the Lair.
 12982 | D:10     | Noticed a boulder beetle
 13386 | D:10     | Reached skill level 10 in Conjurations
 13647 | D:10     | HP: 1/82 [boulder beetle (29)]
 13811 | D:10     | Noticed a great orb of eyes
 13811 | D:10     | a boulder beetle changed into a great orb of eyes
 13819 | D:10     | HP: 1/82 [disintegration (39)]
 14351 | D:10     | Killed a great orb of eyes
 14352 | D:10     | Reached skill level 5 in Stealth
 14641 | Lair:1   | Entered Level 1 of the Lair of Beasts
 14749 | Lair:1   | Noticed Fannar
 14767 | Lair:1   | Killed Fannar
 15048 | Lair:1   | Reached ***** piety under Vehumet
 15543 | Lair:2   | Offered knowledge of Conjure Ball Lightning by Vehumet.
 15707 | Lair:2   | Noticed Urug
 16162 | Lair:2   | Noticed Sonja
 16167 | Lair:2   | Killed Sonja
 16167 | Lair:2   | Noticed a boulder beetle
 16267 | Lair:1   | Learned a level 6 spell: Conjure Ball Lightning
 16886 | Lair:2   | Reached XP level 12. HP: 69/89 MP: 12/25
 16888 | Lair:2   | Killed Urug
 16889 | Lair:2   | Reached skill level 10 in Spellcasting
 17043 | Lair:2   | Killed a boulder beetle
 17518 | Lair:2   | Reached skill level 11 in Conjurations
 18324 | Lair:3   | Noticed a six-headed hydra
 18335 | Lair:3   | Killed a six-headed hydra
 18336 | Lair:3   | Reached skill level 5 in Shields
 18740 | Lair:3   | Found a hole to the Spider Nest.
 19432 | Lair:3   | Found a staircase to the Shoals.
 19721 | Lair:4   | Noticed a four-headed hydra
 19729 | Lair:4   | Killed a four-headed hydra
 19990 | Lair:4   | Noticed a death yak
 19992 | Lair:4   | Noticed a death yak
 19993 | Lair:4   | Noticed a death yak
 19993 | Lair:4   | Noticed a death yak
 19996 | Lair:4   | Noticed a death yak
 19998 | Lair:4   | Killed a death yak
 19998 | Lair:4   | Killed a death yak
 19999 | Lair:4   | Reached XP level 13. HP: 81/96 MP: 19/28
 21458 | Lair:5   | Reached skill level 12 in Conjurations
 22831 | Lair:5   | Found a staircase to the Slime Pits.
 22887 | Lair:6   | Entered Level 6 of the Lair of Beasts
 23533 | Lair:6   | Reached skill level 13 in Conjurations
 23641 | Lair:6   | HP: 2/96 [yak (6)]
 24014 | Lair:6   | Reached XP level 14. HP: 104/104 MP: 22/30
 24857 | Lair:6   | Offered knowledge of Airstrike by Vehumet.
 28624 | D:11     | Reached skill level 14 in Conjurations
 28927 | D:12     | Found a staircase to the Orcish Mines.
 28940 | D:12     | Noticed Frances
 28949 | D:12     | Killed Frances
 28950 | D:12     | Reached skill level 10 in Air Magic
 29620 | D:12     | Reached XP level 15. HP: 84/111 MP: 22/32
 29889 | D:12     | Found a sacrificial altar of Ru.
 30146 | D:12     | Identified a scroll of acquirement
 30146 | D:12     | Acquired 853 gold pieces
 30200 | Orc:1    | Entered Level 1 of the Orcish Mines
 30209 | Orc:1    | HP: 3/111 [stone giant/large rock (41)]
 30210 | Orc:1    | Killed by an exploding ball lightning

Illustrated notes

Levels and vault maps discovered:
D:1:      mrwooster_arrival_statue_3, layout_loops_ring
D:2:      layout_basic, grunt_temple_overflow_open
D:3:      layout_basic, chequers_ecumenical_altar_simple_redux,
          lemuel_tele_altar
D:4:      layout_rooms, grunt_gozag_statues, lemuel_crystal_altar,
          minmay_temple_entry_mist, kennysheep_crisscross, uniq_pikel,
          uniq_natasha, uniq_menkaure, uniq_grinder
D:5:      layout_basic, chequers_temple_overflow_statue_of_worship,
          serial_shops, nicolae_shop_behind_doors, minmay_misc_feat_square
D:6:      layout_loops_ring, nicolae_overflow_crystal_walls, kennysheep_mini
D:7:      layout_basic, serial_shops, shop, trog_three_pillars_becter,
          uniq_crazy_yiuf_cottage, uniq_prince_ribbit1
D:8:      layout_loops_ring, fedhas_bush_and_centaur_altar, enter_ossuary_2,
          serial_shops, shop, uniq_harold, uniq_gastronok, uniq_joseph
D:9:      layout_loops_ring, tso_oasis_becter, gammafunk_ghost_spectres,
          hangedman_decor_points
D:10:     layout_loops_cross, lair_entry_dummy, water_maze_lemuel
D:11:     layout_rooms
D:12:     layout_long_grid, orc_0_dummy, basic_altar, abandoned_shop,
          nrook_guardian_serpent_ordinary, uniq_frances
Lair:1:   layout_roguey, infiniplex_staircase_pool, uniq_fannar
Lair:2:   layout_hall_layers, serial_bayou_shore_b, uniq_urug, uniq_sonja
Lair:3:   layout_concentric_octagons, minmay_shoals_entry_lonely_mermaid,
          spider_nest_entry_rubble, gauntlet_entry_generic
Lair:4:   layout_cave_pods
Lair:5:   layout_gridlike, dpeg_slime_entry_corner, beast_lair_carwin_7
Lair:6:   evilmike_catoblepas_cave, layout_gridlike
Orc:1:    layout_caves

Skill      XL: |  1  2  3  4  5  6  7  8  9 10 11 12 13 14 |
---------------+-------------------------------------------+-----
Stealth        | 2 3 4 5 |  5.3
Dodging        | 2 3 4 5 6 7 |  7.9
Conjurations   | 5 6 7 8 9 10 11 13 14 | 14.1
Spellcasting   | 3 4 5 6 7 8 9 11 12 13 | 13.2
Unarmed Combat | 1 2 |  2.3
Shields        | 1 2 3 4 5 |  5.9
Fighting       | 1 2 3 4 |  4.6
Translocations | 2 3 4 |  4.7
Hexes          | 1 |  1.6
Staves         | 2 3 4 |  4.0
Air Magic      | 2 4 5 6 8 10 | 10.4
Poison Magic   | 1 2 |  2.8
Evocations     | 3 |  3.3
Fire Magic     | |  0.2

Action                   |  1- 3 |  4- 6 |  7- 9 | 10-12 | 13-15 || total
-------------------------+-------+-------+-------+-------+-------++-------
Melee: Unarmed           |    24 |     7 |    12 |       |       ||    43
       Tailslap          |     2 |       |     5 |     4 |     1 ||    12
       Staff             |       |    10 |    39 |    49 |    11 ||   109
       Punch             |       |     1 |       |       |       ||     1
 Cast: Magic Dart        |    54 |    18 |    10 |       |       ||    82
       Searing Ray       |     8 |    33 |    51 |   135 |    59 ||   286
       Shock             |       |       |   105 |    71 |       ||   176
       Iskenderun's Myst |       |       |     3 |    14 |    28 ||    45
       Mephitic Cloud    |       |       |       |    19 |     1 ||    20
       Conjure Ball Ligh |       |       |       |    30 |   142 ||   172
       Fireball          |       |       |       |     3 |       ||     3
 Abil: Breathe Frost     |       |       |       |     2 |       ||     2
Evoke: Wand              |       |       |       |    16 |       ||    16
       Tin of tremorston |       |       |       |     2 |       ||     2
       Condenser vane    |       |       |       |     1 |       ||     1
  Use: Potion            |     1 |       |       |     1 |     1 ||     3
       Scroll            |       |       |     8 |    15 |    11 ||    34
 Stab: Confused          |       |       |       |     2 |       ||     2
Armor: Skin              |    10 |     7 |    42 |    85 |    49 ||   193
Dodge: Dodged            |    28 |    22 |    88 |   158 |    98 ||   394
Block: Buckler           |       |     2 |    28 |    74 |    50 ||   154

Table legend: (Time is in decaauts)
 A = Elapsed time spent in this place.
 B = Non-inter-level travel time spent in this place.
 C = Inter-level travel time spent in this place.
 D = Time resting spent in this place.
 E = Time spent auto-exploring this place.
 F = Levels seen in this place.
 G = Mean time per level.
                   A        B        C        D        E       F      G
               +--------+--------+--------+--------+--------+-----+--------+
         Total |  30271 |  28404 |   1867 |   5313 |  18630 |  20 | 1513.6 |
       Dungeon |  16800 |  15787 |   1013 |   2112 |  11167 |  12 | 1400.0 |
          Lair |  12542 |  11688 |    854 |   3127 |   6952 |   6 | 2090.3 |
  Orcish Mines |      9 |      9 |      0 |      0 |      0 |   1 |    9.0 |
       Ossuary |    918 |    918 |      0 |     74 |    511 |   1 |  918.0 |
               +--------+--------+--------+--------+--------+-----+--------+

Top non-repeatable levels by time:
  Lair:6: 3319 daAuts
  Lair:1: 2430 daAuts
     D:8: 2358 daAuts
  Lair:5: 2203 daAuts
     D:9: 2155 daAuts
  Lair:3: 1968 daAuts
    D:10: 1810 daAuts
     D:3: 1533 daAuts
  Lair:4: 1386 daAuts
    D:12: 1360 daAuts
     D:5: 1300 daAuts
     D:1: 1276 daAuts
  Lair:2: 1234 daAuts
     D:7: 1104 daAuts
     D:4: 1067 daAuts
